 Dungeon Crawl Stone Soup version 0.27-a0-1312-g5cdb2b3542 (webtiles) character file.

Game seed: 13284288057978056536

1358 dickylongcocking the Stinger (level 8, -26/52 HPs)
             Began as an Octopode Transmuter on June 20, 2021.
             Was an Initiate of Gozag.
             Annihilated by a shadow (31 damage)
             ... on level 6 of the Dungeon.
             The game lasted 00:07:25 (8176 turns).

dickylongcocking the Stinger (Octopode Transmuter)  Turns: 8176, Time: 00:07:25

Health: -26/52     AC:  1    Str: 10    XL:     8   Next: 64%
Magic:  15/15      EV: 13    Int: 17    God:    Gozag
Gold:   446        SH:  0    Dex: 10    Spells: 13/17 levels left

rFire    + . .     SeeInvis .     - Unarmed
rCold    . . .     Faith    .   (no shield)
rNeg     . . .     Spirit   .   q - +0 hat
rPois    .         Reflect  .   (no amulet)
rElec    .         Harm     .   b - ring of protection from fire
rCorr    .         Rampage  .   o - ring of willpower
Will     +....                  (no ring)
Stlth    +++.......             (no ring)
HPRegen  0.17/turn              (no ring)
MPRegen  0.14/turn              (no ring)
                                (no ring)
                                (no ring)

@: no status effects
A: almost no armour, amphibious, 8 rings, camouflage 1, gelatinous body 1,
(nimble swimmer 1), tentacles, clumsy 1
a: Renounce Religion, Potion Petition, Call Merchant, Bribe Branch


You were on level 6 of the Dungeon.
You worshipped Gozag.
Gozag was aware of your devotion.
You visited 2 branches of the dungeon, and saw 7 of its levels.

You collected 489 gold pieces.
You paid 43 gold pieces to Gozag.

Inventory:

Armour
 q - a +0 hat (worn)
Magical Staves
 j - a staff of poison
 r - a staff of earth
Jewellery
 b - a ring of protection from fire (left tentacle)
 o - a ring of willpower (right tentacle)
Wands
 f - a wand of flame (10)
Scrolls
 c - a scroll of amnesia
 d - a scroll of enchant weapon
 g - 2 scrolls of immolation
 n - a scroll of enchant armour
Potions
 i - 3 potions of brilliance
 m - 2 potions of flight
 s - a potion of magic


   Skills:
 * Level 3.1 Fighting
 - Level 2.0 Dodging
 - Level 2.1 Stealth
 * Level 4.3 Unarmed Combat
 - Level 5.1 Spellcasting
 - Level 5.5 Transmutations
 - Level 6.0 Poison Magic


You had 13 spell levels left.
You knew the following spells:

 Your Spells              Type           Power      Damage    Failure   Level
a - Beastly Appendage     Tmut           46%        N/A       1%          1
c - Spider Form           Tmut/Pois      12%        N/A       4%          3

Your spell library contained the following spells:

 Spells                   Type           Power      Damage    Failure   Level
 Wereblood                Tmut           23%        N/A       2%          2
 Magic Dart               Conj           16%        1d3       14%         1
 Summon Small Mammal      Summ           16%        N/A       14%         1
 Call Imp                 Summ           4%         N/A       22%         2
 Searing Ray              Conj           8%         3d3       22%         2
 Call Canine Familiar     Summ           4%         N/A       38%         3
 Dazzling Flash           Conj/Hex       8%         N/A       38%         3
 Summon Guardian Golem    Hex/Summ       4%         N/A       38%         3
 Ice Form                 Ice/Tmut       13%        N/A       41%         4
 Fulminant Prism          Conj/Hex       2%         3d6       80%         4
 Iskenderun's Mystic Bla  Conj/Tloc      4%         2d3       80%         4
 Summon Ice Beast         Ice/Summ       4%         N/A       80%         4
 Summon Lightning Spire   Summ/Air       4%         N/A       80%         4


Dungeon Overview and Level Annotations

Branches:
Dungeon (6/15)             Temple (1/1) D:4

Altars:
Dithmenos
Fedhas
Gozag
Hepliaklqana
Kikubaaqudgha
Makhleb
Okawaru
Qazlal
Ru
Sif Muna
Vehumet
Xom
Zin

Shops:
D:2 *   D:4 =   D:6 *


Innate Abilities, Weirdness & Mutations

You cannot wear most types of armour.
You are amphibious.
You can wear up to eight rings at the same time.
Your skin changes colour to match your surroundings (Stealth+).
Your rubbery body absorbs attacks. (AC +1, EV +1)
((You are camouflaged near water. (Stealth+)))
You have tentacles for arms and can constrict up to eight enemies at once.
You are clumsy. (Dex -2)


Message History

Deactivating autopickup; reactivate with Ctrl-A.
No target in view!
You see here a +0 flail.
As you read the scroll of teleportation, it crumbles to dust.
You feel strangely unstable.
Unknown command.
As you read the scroll of teleportation, it crumbles to dust.
You feel strangely stable.
Your transformation has ended.
Your +0 hat unmelds from your body.
The shadow strikes at you from the darkness!
* * * LOW HITPOINT WARNING * * *
Reactivating autopickup.
Blink to where?
Press: ? - help, Dir - move target
As you read the scroll of blinking, it crumbles to dust.
There is an open door here.
You close the door.
Okay, then.
Okay, then.
A shadow opens the door.
The shadow slips into darkness.
The shadow flickers and vanishes!
Deactivating autopickup; reactivate with Ctrl-A.
The shadow strikes at you from the darkness!
* * * LOW HITPOINT WARNING * * *
Reactivating autopickup.
The shadow slips into darkness.
The shadow flickers and vanishes!
Deactivating autopickup; reactivate with Ctrl-A.
Unknown command.
Okay, then.
Okay, then.
As you read the scroll of fear, it crumbles to dust.
You assume a fearsome visage.
The ice beast looks frightened!
Unknown command.
The shadow strikes at you from the darkness!
Ouch! That really hurt!
You die...
Your body crumbles into a pile of gold.

#.#.##...#.####.# #......####.
#.#.##...#......#
#..........#.###.......#########
...........#.......###.# # ...
.....#..#....# #.##### # #.#
#....#..#....###.#<..# #
#.###....#..#........###.#
###..##....#..#......Y.# #.#
..............#.@......# #.#
.###.##....#.##.......####.#
.................##........#
.####.######.######.######## ##
#.. #.#...##.# # #...
#.#§§§##.## # ...####.#§§§§....
. .........§§§§.... .#
....###.###§.....


You could see an ice beast (fleeing).

Vanquished Creatures
  Eustachio (D:4)
  3 necrophages (D:4)
  A phantom (D:4)
  3 scorpions
  A water moccasin zombie (D:4)
  A water moccasin skeleton (D:5)
  A centaur zombie (D:4)
  2 hounds
  3 jellies
  An orc priest (D:4)
  A bullfrog skeleton (D:6)
  A centaur skeleton (D:6)
  An orc wizard (D:4)
  Natasha (thrice) (D:3)
  An iguana (D:5)
  A scorpion zombie (D:4)
  A killer bee zombie (D:6)
  A hound skeleton (D:4)
  3 adders
  4 gnolls (D:6)
  A shadow imp (D:6)
  2 dart slugs
  8 orcs
  6 ball pythons
  4 bats
  4 endoplasms
  2 giant cockroaches
  5 goblins
  2 hobgoblins
  10 jackals
  3 quokkas (D:1)
  3 frilled lizards
  7 kobolds
  4 rats (D:1)
95 creatures vanquished.

Vanquished Creatures (others)
  A bush (D:4)
  12 plants (D:4)
13 creatures vanquished.

Grand Total: 108 creatures vanquished

Notes
Turn   | Place    | Note
-------+----------+-------------------------------------------
     0 | D:1      | dickylongcocking the Octopode Transmuter began the quest
                  | for the Orb.
     0 | D:1      | Reached XP level 1. HP: 13/13 MP: 3/3
   171 | D:1      | Reached XP level 2. HP: 9/18 MP: 3/5
   353 | D:1      | Reached skill level 1 in Stealth
  1077 | D:1      | Reached XP level 3. HP: 24/24 MP: 6/6
  1496 | D:2      | Found Rownubai's Assorted Antiques.
  1762 | D:2      | Found a faded altar of an unknown god.
  2032 | D:3      | Reached XP level 4. HP: 25/30 MP: 7/7
  2442 | D:3      | Noticed Natasha
  2448 | D:3      | Learned a level 3 spell: Spider Form
  2460 | D:3      | Killed Natasha
  2550 | D:3      | Noticed Natasha
  2562 | D:3      | Killed Natasha
  3009 | D:3      | Noticed Natasha
  3019 | D:3      | Killed Natasha
  3020 | D:3      | Reached skill level 1 in Poison Magic
  3020 | D:3      | Reached XP level 5. HP: 23/35 MP: 4/8
  3559 | D:4      | Found Vyozxod's Jewellery Shop.
  3597 | D:4      | Found a burning altar of Makhleb.
  3736 | D:4      | Noticed a phantom
  3746 | D:4      | Noticed Eustachio
  3768 | D:4      | Gained mutation: You are weak. (Str -2) [potion of
                  | mutation]
  3768 | D:4      | Gained mutation: You are clumsy. (Dex -2) [potion of
                  | mutation]
  3768 | D:4      | Lost mutation: You are weak. (Str -2) [potion of mutation]
  3779 | D:4      | Killed Eustachio
  3780 | D:4      | Reached skill level 2 in Poison Magic
  3780 | D:4      | Reached XP level 6. HP: 32/41 MP: 8/10
  3805 | D:4      | Reached skill level 3 in Poison Magic
  4403 | D:4      | Found a staircase to the Ecumenical Temple.
  4420 | Temple   | Entered the Ecumenical Temple
  4464 | Temple   | Became a worshipper of Gozag Ym Sagoz the Greedy
  4548 | D:4      | Reached XP level 7. HP: 38/45 MP: 8/12
  4679 | D:4      | Found a radiant altar of Vehumet.
  4764 | D:4      | Reached skill level 4 in Poison Magic
  5080 | D:4      | Found a blossoming altar of Fedhas.
  5159 | D:4      | Noticed a cacodemon
  5162 | D:4      | Found a glowing silver altar of Zin.
  5163 | D:4      | Noticed an angel
  5318 | D:4      | Identified the +4 robe of Yjucuats {Str+4 Int+3}
  5543 | D:4      | Reached skill level 5 in Poison Magic
  5561 | D:4      | Reached skill level 5 in Transmutations
  5561 | D:4      | Reached XP level 8. HP: 27/51 MP: 13/15
  5849 | D:5      | Entered Level 5 of the Dungeon
  6394 | D:5      | Reached skill level 5 in Spellcasting
  6606 | D:5      | Found a shadowy altar of Dithmenos.
  6610 | D:5      | Found a shimmering altar of Xom.
  6613 | D:5      | Found a hazy altar of Hepliaklqana.
  6854 | D:6      | Noticed a shadow
  7132 | D:6      | Reached skill level 6 in Poison Magic
  8054 | D:6      | Found Etey's Overcharged Wands.
  8176 | D:6      | Annihilated by a shadow

Illustrated notes

Levels and vault maps discovered:
D:1:      saegor_arrival_simple_b, layout_basic
D:2:      layout_rooms, hellmonk_ecumenical_altar_run_dry, serial_shops,
          nicolae_shop_crystal, minmay_tetromino_o4
D:3:      layout_basic, uniq_natasha
D:4:      layout_cave_pools, grunt_temple_overflow_order_and_chaos_2,
          fedhas_altar_decomposition, nicolae_vehumet_radiance,
          minmay_temple_entry_waves, minmay_shop_enchanted_jewellery,
          uniq_eustachio
D:5:      layout_cave_pools, minmay_overflow_temple_star_quad, nicolae_sextant
D:6:      layout_basic, nicolae_shop_overcharged_wands
Temple:   jpeg_temple_alley_garden

Skill      XL: |  1  2  3  4  5  6  7  8 |
---------------+-------------------------+-----
Stealth        | 1 2 |  2.1
Fighting       | 2 3 |  3.1
Poison Magic   | 1 2 3 5 6 |  6.0
Spellcasting   | 3 4 5 |  5.1
Transmutations | 3 4 5 |  5.5
Unarmed Combat | 4 |  4.3
Dodging        | |  2.0

Action                   |  1- 3 |  4- 6 |  7- 9 || total
-------------------------+-------+-------+-------++-------
Melee: Unarmed           |    68 |    92 |   155 ||   315
       Constrict         |    19 |     6 |    15 ||    40
       Tentacles         |     8 |     2 |    15 ||    25
       Kick              |     6 |     4 |    10 ||    20
       Punch             |     2 |     1 |     5 ||     8
       Staff             |       |     2 |       ||     2
 Cast: Beastly Appendage |    17 |     4 |     8 ||    29
       Spider Form       |       |     9 |     7 ||    16
  Use: Potion            |       |     9 |     3 ||    12
       Scroll            |       |       |    14 ||    14
 Stab: Sleeping          |     5 |     2 |     1 ||     8
       Distracted        |       |       |     2 ||     2
Armor: Skin              |    10 |    24 |    25 ||    59
Dodge: Dodged            |    53 |    72 |    99 ||   224

Table legend: (Time is in decaauts)
 A = Elapsed time spent in this place.
 B = Non-inter-level travel time spent in this place.
 C = Inter-level travel time spent in this place.
 D = Time resting spent in this place.
 E = Time spent auto-exploring this place.
 F = Levels seen in this place.
 G = Mean time per level.
                   A        B        C        D        E       F      G
               +--------+--------+--------+--------+--------+-----+--------+
         Total |   8119 |   7966 |    153 |   1783 |   5168 |   7 | 1159.9 |
       Dungeon |   8050 |   7921 |    129 |   1783 |   5130 |   6 | 1341.7 |
        Temple |     69 |     45 |     24 |      0 |     38 |   1 |   69.0 |
               +--------+--------+--------+--------+--------+-----+--------+

Top non-repeatable levels by time:
     D:4: 2195 daAuts
     D:3: 1699 daAuts
     D:1: 1347 daAuts
     D:6: 1161 daAuts
     D:5: 1143 daAuts
     D:2: 503 daAuts
  Temple: 69 daAuts
